 Dungeon Crawl Stone Soup version 0.26.1-11-gd32895ea62 (webtiles) character file.

Game seed: 5583441707241746026

19320 pgf the Basher (level 12, -6/108 HPs)
             Began as a Minotaur Fighter on June 3, 2021.
             Was an Elder of Trog.
             Mangled by a death yak (9 damage)
             ... on level 2 of the Lair of Beasts.
             The game lasted 01:56:07 (15809 turns).

pgf the Basher (Minotaur Fighter)                  Turns: 15809, Time: 01:56:09

Health: -6/108     AC: 17    Str: 24    XL:     12   Next: 35%
Magic:  11/11      EV: 12    Int:  5    God:    Trog [****..]
Gold:   614        SH:  0    Dex: 12    Spells: 11/11 levels left

rFire    . . .     SeeInvis .   k - +7 mace (freeze)
rCold    . . .     Faith    .   c - +0 kite shield
rNeg     + . .     Spirit   .   d - +1 chain mail
rPois    .         Reflect  .   (helmet restricted)
rElec    .         Harm     .   (no cloak)
rCorr    .         Rampage  .   Z - +1 pair of gloves
Will     .....                  i - +0 pair of boots
Stlth    ..........             (no amulet)
HPRegen  0.28/turn              N - ring of positive energy
MPRegen  0.12/turn              F - +4 ring of evasion

@: confused, berserk cooldown, very slightly contaminated
A: retaliatory headbutt, horns 2
a: Renounce Religion, Berserk, Trog's Hand, Brothers in Arms


You were on level 2 of the Lair of Beasts.
You worshipped Trog.
Trog was greatly pleased with you.
You visited 3 branches of the dungeon, and saw 14 of its levels.
You also visited: Sewer.

You collected 694 gold pieces.
You spent 80 gold pieces at shops.

Inventory:

Hand Weapons
 b - a +3 war axe
 k - a +7 mace of freezing (weapon)
 q - a +2 shortbow of freezing
 t - a +4 scimitar
 x - a +5 antimagic scimitar
 G - a +0 rapier of distortion
 I - a +2 short sword of holy wrath
 P - a +3 dagger of distortion
 Q - a +0 dagger of draining
 S - a +3 great sword
 T - a +1 short sword of flaming
Missiles
 e - 296 stones
 A - 235 arrows
 H - 59 poisoned darts
 W - 7 boomerangs of dispersal
Armour
 c - a +0 kite shield (worn)
 d - a +1 chain mail (worn)
 f - a +0 troll leather armour {Purgy}
 i - a +0 pair of boots (worn)
 B - a +1 leather armour of fire resistance
 Z - a +1 pair of gloves (worn)
Jewellery
 m - an uncursed ring of ice
 s - an uncursed ring of teleportation
 w - an uncursed ring of stealth
 F - a +4 ring of evasion (right hand)
 N - a ring of positive energy (left hand)
Wands
 h - a wand of paralysis (33) (quivered)
 n - a wand of polymorph (9)
 J - a wand of iceblast (6)
Scrolls
 g - 4 scrolls of remove curse
 l - a scroll of identify
 o - 2 scrolls of enchant armour
 p - 2 scrolls of fear {unknown}
 u - 2 scrolls of noise {unknown}
 v - a scroll of blinking {unknown}
 y - 2 scrolls of fog {unknown}
 E - 2 scrolls of amnesia {unknown}
 L - a scroll of magic mapping {unknown}
 V - a scroll of immolation
 X - a scroll of acquirement {unknown}
Potions
 a - a potion of brilliance {unknown}
 j - 2 potions of curing
 r - 2 potions of lignification {unknown}
 z - 2 potions of magic {unknown}
 C - 2 potions of mutation {unknown}
 D - 2 potions of ambrosia
 M - 2 potions of flight {unknown}
 R - a potion of degeneration {unknown}
 U - a potion of resistance
 Y - a potion of berserk rage {unknown}


   Skills:
 + Level 10.9 Fighting
 - Level 2.3 Long Blades
 - Level 6.8(10.5) Axes
 * Level 12.4(13.0) Maces & Flails
 + Level 11.0 Armour
 - Level 0.8 Dodging
 - Level 11.0 Shields
 + Level 6.5 Evocations


You had 11 spell levels left.
You didn't know any spells.
Your spell library was empty.

Dungeon Overview and Level Annotations

Branches:
Dungeon (11/15)            Temple (1/1) D:4            Lair (2/6) D:11
  Sewer (visited)
  Swamp: Lair:2-4    Shoals: Lair:2-4     Snake: Lair:2-4    Spider: Lair:2-4
    Orc: D:9-12

Altars:
Ashenzari
Cheibriados
Dithmenos
Elyvilon
Fedhas
Gozag
Hepliaklqana
Kikubaaqudgha
Makhleb
Nemelex Xobeh
Okawaru
Qazlal
Ru
Sif Muna
Trog
Uskayaw
Vehumet
Wu Jian
Xom
Yredelemnul
Zin
The Shining One

Shops:
D:4 }   D:9 *

Annotations:
Lair:1 1 runed translucent door, Eryximachus's ghost, journeyman OpEE


Innate Abilities, Weirdness & Mutations

You reflexively headbutt those who attack you in melee.
You have a pair of horns on your head.


Message History

* * * LOW HITPOINT WARNING * * *
The wolf barely misses you. You furiously retaliate!
You headbutt the wolf!
You don't know any spells.
It was a potion of ambrosia.
You are confused.
You feel invigorated. The wolf closely misses you.
The water moccasin closely misses you.
The death yak gores you but does no damage.
The death yak misses you. The wolf bites you but does no damage.
The blink frog blinks!
The death yak gores you but does no damage.
The wolf bites you but does no damage. The wolf closely misses you.
Unknown command.
You sock the wolf! You freeze the wolf. Your headbutt misses the wolf.
The wolf is almost dead.
The water moccasin bites you but does no damage.
The wolf bites you but does no damage. The death yak gores you!
* * * LOW HITPOINT WARNING * * *
The wolf bites you but does no damage. The death yak gores you!
You die...

....# ##....# #
##.#.....
#..#####..P.....
................
........F.......
.....ShhS......
....###@hF.....
. #..YYY#.....
....#...hF......
.....⌠.<.⌠#.....
....#.?.........
..# ##...#....#.
#.+#.#..).# ..
.#.#.## ...
...#.#


You could see 3 death yaks, a black mamba, 3 blink frogs, a water moccasin and 4
wolves.

Vanquished Creatures
  Fannar (D:11)
  2 hydras
  3 two-headed ogres
  Pikel (D:5)
  The ghost of tehphobia the Destroyer, a novice DECj of Vehumet (D:8)
  Psyche (D:11)
  A black mamba (Lair:1)
  2 cane toads (Lair:1)
  3 komodo dragons
  A troll (D:11)
  2 hornets (D:8)
  A vampire (D:10)
  29 yaks
  The ghost of tagout77 the Destroyer, an amateur DECj (D:4)
  Menkaure (D:7)
  Duvessa (D:6)
  A water moccasin (Lair:1)
  3 orc warriors
  4 sky beasts
  Purgy (Sewer)
  A black bear (D:10)
  6 ice beasts
  5 necrophages (D:7)
  4 phantoms
  6 centaurs
  4 ogres
  4 big kobolds
  Blork the orc (D:6)
  10 bullfrogs
  Dowan (D:6)
  A scorpion (D:9)
  5 killer bees (D:9)
  11 wights
  A howler monkey (D:4)
  A jelly (D:5)
  2 bullfrog zombies (D:7)
  A centaur zombie (D:9)
  2 quasits
  5 orc priests
  5 hounds
  Ijyb (D:3)
  A bullfrog skeleton (D:10)
  3 orc wizards
  2 iguanas
  5 worker ants
  A hound skeleton (D:9)
  3 mummies (D:7)
  Robin (D:3)
  3 gnolls (D:6)
  10 adders
  4 shadow imps
  2 ufetubi
  2 adder skeletons
  6 worms
  3 dart slugs
  6 leopard geckos
  27 orcs
  6 ball pythons
  11 bats
  A giant cockroach (D:3)
  12 goblins
  9 hobgoblins
  12 jackals
  3 quokkas
  6 frilled lizards
  A jackal zombie (D:7)
  30 kobolds
  A quokka skeleton (D:8)
  8 rats
316 creatures vanquished.

Vanquished Creatures (collateral kills)
  Joseph (Lair:1)
  A komodo dragon (Lair:1)
  A wraith (D:11)
  7 yaks (Lair:1)
  2 orc priests (D:11)
  2 orcs (D:11)
14 creatures vanquished.

Vanquished Creatures (others)
  9 fungi (Lair:1)
  58 plants
  9 withered plants (D:7)
76 creatures vanquished.

Grand Total: 406 creatures vanquished

Notes
Turn   | Place    | Note
-------+----------+-------------------------------------------
     0 | D:1      | pgf the Minotaur Fighter began the quest for the Orb.
     0 | D:1      | Reached XP level 1. HP: 19/19 MP: 0/0
   387 | D:1      | Reached XP level 2. HP: 27/27 MP: 1/1
  1292 | D:1      | Reached XP level 3. HP: 33/33 MP: 2/2
  1938 | D:2      | Found a bloodstained altar of Trog.
  1948 | D:2      | Became a worshipper of Trog the Wrathful
  2301 | D:2      | Reached XP level 4. HP: 38/40 MP: 3/3
  2593 | D:3      | Found a hide-covered altar of Uskayaw.
  2670 | D:3      | Noticed Ijyb
  2674 | D:3      | Paralysed by Ijyb for 5 turns
  2680 | D:3      | Paralysed by Ijyb for 5 turns
  2696 | D:3      | Paralysed by Ijyb for 7 turns
  2710 | D:3      | Killed Ijyb
  2732 | D:3      | Reached skill level 1 in Maces & Flails
  2939 | D:3      | Found a shadowy altar of Dithmenos.
  2947 | D:3      | Found a snail-covered altar of Cheibriados.
  3070 | D:3      | Noticed Robin
  3078 | D:3      | Reached * piety under Trog
  3084 | D:3      | Killed Robin
  3085 | D:3      | Reached XP level 5. HP: 33/47 MP: 4/4
  3387 | D:4      | Reached skill level 5 in Armour
  3422 | D:4      | Reached skill level 2 in Maces & Flails
  3422 | D:4      | Reached skill level 5 in Shields
  3422 | D:4      | Reached XP level 6. HP: 24/53 MP: 5/5
  3623 | D:4      | Found Boles's Gadget Boutique.
  3723 | D:4      | Found a staircase to the Ecumenical Temple.
  3730 | Temple   | Entered the Ecumenical Temple
  3903 | D:4      | Found a runed translucent gate.
  3903 | D:4      | Found a runed translucent gate.
  3903 | D:4      | Found a runed translucent gate.
  3905 | D:4      | Noticed tagout77's ghost (amateur DECj)
  3973 | D:4      | Found a sparkling altar of Nemelex Xobeh.
  3977 | D:4      | Found an iron altar of Okawaru.
  3985 | D:4      | Found a glowing silver altar of Zin.
  4044 | D:4      | Killed tagout77's ghost
  4045 | D:4      | Reached skill level 5 in Fighting
  4551 | D:5      | Entered Level 5 of the Dungeon
  4588 | D:5      | Reached skill level 3 in Maces & Flails
  4588 | D:5      | Reached XP level 7. HP: 37/61 MP: 6/6
  4588 | D:5      | Reached ** piety under Trog
  4766 | D:5      | Noticed Pikel
  4791 | D:5      | Killed Pikel
  4792 | D:5      | Reached skill level 5 in Axes
  4792 | D:5      | Reached skill level 4 in Maces & Flails
  4792 | D:5      | Reached XP level 8. HP: 22/70 MP: 7/7
  5901 | D:6      | Noticed Blork the orc
  5909 | D:6      | Killed Blork the orc
  5984 | D:6      | Found a glowing drain.
  6000 | Sewer    | Entered a sewer
  6053 | Sewer    | Noticed Purgy
  6064 | Sewer    | Killed Purgy
  6065 | Sewer    | Reached skill level 5 in Maces & Flails
  6380 | D:6      | Reached skill level 1 in Evocations
  6471 | D:6      | Found a bloodstained altar of Trog.
  6654 | D:6      | Noticed Duvessa
  6654 | D:6      | Noticed Dowan
  6660 | D:6      | Killed Duvessa
  6675 | D:6      | Killed Dowan
  6676 | D:6      | Reached XP level 9. HP: 65/79 MP: 8/8
  7041 | D:7      | Reached skill level 1 in Long Blades
  7231 | D:7      | Reached *** piety under Trog
  7260 | D:7      | Reached skill level 6 in Maces & Flails
  8125 | D:7      | Noticed Menkaure
  8203 | D:7      | Killed Menkaure
  8534 | D:7      | Found a glowing silver altar of Zin.
  8754 | D:7      | Reached skill level 7 in Maces & Flails
  9293 | D:8      | Reached XP level 10. HP: 88/88 MP: 9/9
  9297 | D:8      | Paralysed by a hornet for 1 turns
  9576 | D:8      | Found a runed translucent door.
  9599 | D:8      | Noticed tehphobia's ghost (novice DECj)
  9627 | D:8      | Killed tehphobia's ghost
  9854 | D:8      | Reached **** piety under Trog
  9941 | D:8      | Noticed a two-headed ogre
  9951 | D:8      | Killed a two-headed ogre
  9952 | D:8      | Reached skill level 8 in Maces & Flails
 10282 | D:8      | Found a basalt altar of Yredelemnul.
 10314 | D:8      | Found a burning altar of Makhleb.
 10812 | D:9      | Found a flagged portal.
 11097 | D:9      | Found Vajai's Changing Room.
 11121 | D:9      | Bought a wand of polymorph (6) for 80 gold pieces
 11182 | D:9      | Found a sacrificial altar of Ru.
 11504 | D:9      | Reached skill level 9 in Maces & Flails
 11549 | D:9      | Found a shimmering altar of Xom.
 11558 | D:9      | Found a broken altar of Ashenzari.
 11561 | D:9      | Found an ancient bone altar of Kikubaaqudgha.
 11898 | D:10     | Entered Level 10 of the Dungeon
 11909 | D:10     | Reached skill level 10 in Shields
 12044 | D:10     | Noticed a two-headed ogre
 12050 | D:10     | Killed a two-headed ogre
 12283 | D:10     | Reached XP level 11. HP: 56/97 MP: 10/10
 12469 | D:10     | Reached ***** piety under Trog
 13105 | D:11     | Noticed an eight-headed hydra
 13224 | D:11     | Reached skill level 10 in Maces & Flails
 13234 | D:11     | Reached skill level 5 in Evocations
 13685 | D:11     | Noticed Psyche
 13693 | D:11     | Killed Psyche
 13731 | D:11     | Noticed Fannar
 13742 | D:11     | Killed an eight-headed hydra
 13743 | D:11     | Reached skill level 10 in Fighting
 13743 | D:11     | Reached skill level 10 in Armour
 13754 | D:11     | Killed Fannar
 13755 | D:11     | Reached skill level 11 in Maces & Flails
 14007 | D:11     | Received a gift from Trog
 14087 | D:11     | Identified the cursed +1 ring mail of Muics {-Tele rPois
                  | Str-5 Int+10}
 14197 | D:11     | Found a stormy altar of Qazlal.
 14473 | D:11     | Noticed a two-headed ogre
 14474 | D:11     | Found a staircase to the Lair.
 14484 | D:11     | Killed a two-headed ogre
 14768 | Lair:1   | Entered Level 1 of the Lair of Beasts
 14787 | Lair:1   | Reached XP level 12. HP: 69/107 MP: 11/11
 14979 | Lair:1   | Noticed an eight-headed hydra
 14986 | Lair:1   | Killed an eight-headed hydra
 15093 | Lair:1   | Noticed Joseph
 15124 | Lair:1   | Killed Joseph
 15557 | Lair:1   | Reached skill level 12 in Maces & Flails
 15757 | Lair:1   | Noticed a death yak
 15759 | Lair:1   | Noticed a death yak
 15767 | Lair:1   | Noticed a death yak
 15768 | Lair:1   | Noticed a death yak
 15768 | Lair:1   | Noticed a death yak
 15788 | Lair:1   | Found a runed translucent door.
 15789 | Lair:1   | Noticed Eryximachus's ghost (journeyman OpEE)
 15789 | Lair:1   | Identified the +10 spear of Success {elec, rC+ Will+}
 15809 | Lair:2   | HP: 3/108 [death yak (14)]
 15809 | Lair:2   | Mangled by a death yak

Illustrated notes

Levels and vault maps discovered:
D:1:      psy_arrival_basics, layout_loops_corners, amcnicky_mini_pool_small
D:2:      layout_basic, trog_book
D:3:      layout_loops_cross, minitemple, lemuel_crystal_altar, uniq_ijyb,
          uniq_robin
D:4:      layout_rooms, gammafunk_temple_overflow_forgotten,
          minmay_temple_entry_nine_rooms, gammafunk_ghost_nasty_kobolds,
          serial_shops, nicolae_shop_stone, kennysheep_generic_room_7
D:5:      layout_basic, uniq_pikel
D:6:      layout_rooms, kennysheep_little_box, cheibrodos_sewer_entry_sluice,
          nrook_uturn, uniq_blork_the_orc, uniq_duvessa
D:7:      layout_layer_cave, serial_undead, serial_undead_d, serial_undead_d,
          serial_undead_b, serial_undead_e, serial_undead_c, serial_undead_f,
          nrook_mini_backslash, lemuel_centaur_altar, uniq_menkaure
D:8:      layout_basic, old_standard_altar, yredelemnul_altar_generic,
          ebering_ghost_inner_flame
D:9:      layout_rooms, grunt_temple_overflow_diamond,
          nicolae_overflow_crystal_walls, enter_bailey_6,
          nicolae_transmutations_shop, serial_bayou_crossing
D:10:     layout_basic
D:11:     layout_loops_ring, david_lair_shrubbed, basic_altar, uniq_fannar,
          uniq_psyche
Temple:   jpeg_temple_island
Lair:1:   layout_regular_city, ebering_ghost_funeral_grove,
          chequers_serial_rivers_micro_c, lemuel_fruit_fields, uniq_joseph
Lair:2:   layout_regular_city, nicolae_volcano_entry_s_turn,
          ebering_ghost_funeral_grove, lemuel_fruit_fields, grunt_megastairs_2,
          uniq_gastronok

Skill      XL: |  1  2  3  4  5  6  7  8  9 10 11 12 |
---------------+-------------------------------------+-----
Armour         | 4 5 6 7 8 9 10 11 | 11.0
Shields        | 4 5 6 7 8 10 11 | 11.0
Fighting       | 4 5 6 7 8 9 10 | 10.9
Axes           | 3 4 5 6 |  6.8
Maces & Flails | 1 2 3 4 5 7 9 11 12 | 12.4
Evocations     | 1 3 4 6 |  6.5
Long Blades    | 2 |  2.3
Dodging        | |  0.8

Action                   |  1- 3 |  4- 6 |  7- 9 | 10-12 || total
-------------------------+-------+-------+-------+-------++-------
Melee: War axe           |    95 |       |    15 |       ||   110
       Headbutt          |    16 |    23 |    50 |   108 ||   197
       Mace              |    11 |   128 |   252 |   443 ||   834
       Great sword       |       |       |    24 |       ||    24
       Scimitar          |       |       |     5 |     7 ||    12
Invok: Berserk           |       |       |     5 |    11 ||    16
       Trog's Hand       |       |       |     2 |     1 ||     3
       Brothers in Arms  |       |       |       |     3 ||     3
Evoke: Wand              |       |       |     1 |     1 ||     2
  Use: Scroll            |     4 |     3 |     3 |    10 ||    20
       Potion            |       |     3 |     4 |     8 ||    15
 Stab: Paralysed         |       |       |       |     4 ||     4
       Invisible         |       |       |       |     1 ||     1
Armor: Scale mail        |    68 |    74 |     4 |       ||   146
       Chain mail        |       |       |   155 |   205 ||   360
Dodge: Dodged            |    47 |    74 |    90 |   137 ||   348
Block: Kite shield       |    72 |    87 |   165 |   269 ||   593
       Rpst.: Great sword |       |       |     5 |       ||     5
       Scimitar          |       |       |       |     2 ||     2
